 Dungeon Crawl Stone Soup version 0.19.0-24-gb05acd6 (webtiles) character file.

319 Firecrotchwizard the Twirler (level 6, -8/55 HPs)
             Began as a Minotaur Gladiator on Nov 22, 2016.
             Killed by divine providence
             ... invoked by an orc priest
              (15 damage)
             ... on level 3 of the Dungeon.
             The game lasted 00:07:44 (2634 turns).

Firecrotchwizard the Twirler (Minotaur Gladiator)   Turns: 2634, Time: 00:07:45

Health: -8/55      AC: 11    Str: 20    XL:     6   Next: 21%
Magic:  5/5        EV:  9    Int:  5    God:
Gold:   247        SH:  0    Dex: 12    Spells: 0 memorised, 5 levels left

rFire  . . .     SeeInvis .     a - +0 quarterstaff
rCold  . . .     Gourm    .     r - +0 chain mail
rNeg   . . .     Faith    .     (shield currently unavailable)
rPois  .         Spirit   .     c - +0 hat
rElec  .         Reflect  .     u - +0 cloak
rCorr  .         Harm     .     (no gloves)
MR     .....                    g - +0 pair of boots (curse)
Stlth  ..........               (no amulet)
                                (no ring)
                                n - +1 ring of protection

@: no status effects
A: retaliatory headbutt, horns 2
a: no special abilities


You were on level 3 of the Dungeon.
You were not hungry.

You visited 1 branch of the dungeon, and saw 3 of its levels.
You also visited: Sewer.

You collected 247 gold pieces.

Inventory:

Hand Weapons
 a - a +0 quarterstaff (weapon)
Missiles
 d - 3 throwing nets (quivered)
Armour
 b - a +0 leather armour
 c - a +0 hat (worn)
 g - a cursed +0 pair of boots (worn)
 j - a +0 ring mail
 r - a +0 chain mail (worn)
 u - a +0 cloak (worn)
Jewellery
 n - a +1 ring of protection (left hand)
Scrolls
 e - 5 scrolls of remove curse {unknown}
 h - 3 scrolls of identify {unknown}
 i - a scroll of blinking {unknown}
 l - a scroll of enchant armour {unknown}
 q - a scroll of teleportation {unknown}
 s - a scroll of fear {unknown}
Potions
 k - 4 potions of curing {unknown}
 m - a potion of berserk rage {unknown}
 o - a potion of flight {unknown}
 p - 2 potions of lignification {unknown}
Comestibles
 f - 2 bread rations
 t - a meat ration


   Skills:
 * Level 4.8 Fighting
 * Level 5.4 Staves
 + Level 3.3 Throwing
 + Level 4.5 Dodging


You had 5 spell levels left.
You didn't know any spells.

Dungeon Overview and Level Annotations

Branches:
Dungeon (3/15)

Altars:
Cheibriados
Elyvilon
Hepliaklqana
Nemelex Xobeh
Vehumet
Zin


Innate Abilities, Weirdness & Mutations

You reflexively headbutt those who attack you in melee.
You have a pair of horns on your head.


Message History

No target in view!
You start resting.
An orc comes into view. It is wielding a club.
An orc priest comes into view. It is wielding a club.
The orc shouts!
The orc priest shouts! x2
The orc barely misses you.
The orc priest calls down the wrath of Beogh upon you.
Beogh smites you!
You hear a shout!
The orc priest miscasts a cantrip.
The orc priest calls down the wrath of Beogh upon you.
Beogh smites you!
* * * LOW HITPOINT WARNING * * *
The orc priest miscasts a cantrip.
The orc priest mumbles some strange prayers to Beogh against you.
Beogh smites you!
* * * LOW HITPOINT WARNING * * *
The orc priest mumbles some strange prayers to Beogh against you.
Beogh smites you!
You die...

##.############o#
#.# .. #o# #.# .#
#.# #o# )# #.# #.#
.# #.# ####### #o#
.####.. #.#
#.....#
#.##.....o. #o#
###.###.#
#..†o...... #.#
#...# #.#
#########.. #@#
#.#####.# #.#
#.....#.# #.#
#.....#.#
#.####.....#.#####
#......>..........
#######†####.#####
#.# #.##### #.#
#...... #.#
########


You could see an orc priest and an orc.

Vanquished Creatures
  The ghost of pichaelthompson the Cudgeler, an amateur DsGl of Ru (D:3)
  A crocodile (Sewer)
  A worker ant (D:3)
  6 adders
  A worm (D:2)
  3 dart slugs
  A leopard gecko (D:2)
  An orc (D:3)
  A ball python (D:2)
  9 giant cockroaches
  7 hobgoblins
  8 jackals
  A quokka (D:2)
  10 bats
  5 frilled lizards
  6 goblins
  7 kobolds
  6 rats
75 creatures vanquished.

Vanquished Creatures (others)
  A frilled lizard (D:3)
1 creature vanquished.

Grand Total: 76 creatures vanquished

Notes
Turn   | Place    | Note
-------+----------+-------------------------------------------
     0 | D:1      | Firecrotchwizard the Minotaur Gladiator began the quest for the Orb.
     0 | D:1      | Reached XP level 1. HP: 18/18 MP: 0/0
   220 | D:1      | Reached XP level 2. HP: 25/25 MP: 1/1
   565 | D:1      | Found a snail-covered altar of Cheibriados.
   833 | D:2      | Reached XP level 3. HP: 22/31 MP: 2/2
  1014 | D:2      | Reached skill level 4 in Staves
  1316 | D:2      | Found a radiant altar of Vehumet.
  1319 | D:2      | Found a hazy altar of Hepliaklqana.
  1322 | D:2      | Found a sparkling altar of Nemelex Xobeh.
  1809 | D:3      | Found a glowing silver altar of Zin.
  1818 | D:3      | Found a glowing drain.
  1836 | D:3      | Reached XP level 4. HP: 37/38 MP: 3/3
  1850 | Sewer    | Entered a sewer
  1903 | Sewer    | Noticed a crocodile
  1915 | Sewer    | Killed a crocodile
  1915 | Sewer    | Reached XP level 5. HP: 23/46 MP: 4/4
  2211 | D:3      | Found a white marble altar of Elyvilon.
  2285 | D:3      | Reached skill level 5 in Staves
  2406 | D:3      | Noticed pichaelthompson's ghost (amateur DsGl)
  2425 | D:3      | Killed pichaelthompson's ghost
  2425 | D:3      | Reached XP level 6. HP: 10/55 MP: 5/5
  2634 | D:3      | Killed from afar by an orc priest

Skill      XL: |  1  2  3  4  5 |
---------------+----------------+-----
Fighting       | 3 4 |  4.8
Staves         | 4 5 |  5.4
Dodging        | 4 |  4.5
Throwing       | 3 |  3.3

Action                   |  1- 3 |  4- 6 || total
-------------------------+-------+-------++-------
Melee: Quarterstaff      |   128 |    67 ||   195
       Headbutt          |     9 |    13 ||    22
  Eat: Chunk             |     3 |       ||     3
       Meat ration       |       |     1 ||     1
Armor: Leather armour    |     4 |       ||     4
       Ring mail         |    28 |       ||    28
       Chain mail        |    29 |    39 ||    68
Dodge: Dodged            |    89 |    33 ||   122
